 Dungeon Crawl Stone Soup version 0.21-a0-633-g4c047d5f35 (webtiles) character file.

2870 4tharraofdagon the Geomancer (level 9, -1/57 HPs)
             Began as a Centaur Artificer on Dec 28, 2017.
             Was a Priest of Hepliaklqana.
             Killed from afar by a hell hound (10 damage)
             ... with a blast of flame
             ... on level 9 of the Dungeon.
             The game lasted 00:22:55 (5460 turns).

4tharraofdagon the Geomancer (Centaur Artificer)    Turns: 5460, Time: 00:22:56

Health: -1/57      AC:  8    Str: 16    XL:     9   Next: 47%
Magic:  12/15      EV: 13    Int: 13    God:    Hepliaklqana [***...]
Gold:   168        SH:  0    Dex:  9    Spells: 10/16 levels left

rFire    . . .     SeeInvis .   M - +2 whip (elec)
rCold    . . .     Gourm    +   (no shield)
rNeg     . . .     Faith    .   k - +0 ring mail
rPois    .         Spirit   .   x - +0 helmet
rElec    .         Reflect  .   j - +1 cloak
rCorr    .         Harm     .   (no gloves)
MR       .....                  (no barding)
Stlth    ..........             F - amulet of the gourmand
HPRegen  0.19/turn              y - ring of wizardry
MPRegen  0.14/turn              H - +5 ring of evasion

@: very quick
A: large, reduced essence, hooves 3, deformed body, speed 2, tough skin 3
a: Recall Ancestor, Ancestor Identity, Transference, Renounce Religion


You were on level 9 of the Dungeon.
You worshipped Hepliaklqana.
Hepliaklqana was most pleased with you.
You were hungry.

You visited 2 branches of the dungeon, and saw 10 of its levels.
You also visited: Ossuary.

You collected 350 gold pieces.
You spent 182 gold pieces at shops.

Inventory:

Hand Weapons
 a - a +0 short sword
 r - a +2 dagger of protection
 M - a +2 whip of electrocution (weapon)
Missiles
 u - a throwing net
 v - 115 stones (quivered)
Armour
 b - a +0 leather armour
 j - a +1 cloak (worn)
 k - a +0 ring mail (worn)
 x - a +0 helmet (worn)
 N - a +3 plate armour
Magical Staves
 p - an uncursed staff of cold
Jewellery
 y - a ring of wizardry (left hand)
 F - an amulet of the gourmand (around neck)
 H - a +5 ring of evasion (right hand)
Wands
 c - a wand of flame (4)
 d - a wand of enslavement (7)
 e - a wand of random effects (7)
 h - a wand of polymorph (19)
 t - a wand of paralysis (15)
 D - a wand of disintegration (19)
 K - a wand of acid (8)
Scrolls
 l - 2 scrolls of identify
 n - 3 scrolls of enchant armour
 w - 2 scrolls of amnesia
 C - a scroll of teleportation
 G - 2 scrolls of summoning
 J - 2 scrolls of vulnerability
Potions
 g - a potion of invisibility
 i - 9 potions of curing
 m - a potion of might
 q - 4 potions of heal wounds
 z - a potion of flight
 A - 4 potions of brilliance
 B - 3 potions of resistance
 E - 4 potions of haste
 I - a potion of lignification
 L - a potion of ambrosia {unknown}
Books
 o - a book of Minor Magic

   Spells                             Type                      Level
   a - Magic Dart                     Conjuration                  1
   b - Blink                          Translocation                2
   c - Call Imp                       Summoning                    2
   d - Slow                           Hexes                        2
   e - Conjure Flame                  Conjuration/Fire             3
   f - Mephitic Cloud                 Conjuration/Poison/Air       3
 s - a book of Geomancy

   Spells                             Type                      Level
   a - Sandblast                      Earth                        1
   b - Passwall                       Transmutation/Earth          2
   c - Stone Arrow                    Conjuration/Earth            3
   d - Petrify                        Transmutation/Earth          4
   e - Lee's Rapid Deconstruction     Earth                        5
Comestibles
 f - 12 rations


   Skills:
 - Level 1.0 Fighting
 - Level 0.8 Short Blades
 - Level 1.3 Dodging
 - Level 0.4 Stealth
 + Level 4.1 Spellcasting
 * Level 8.6 Earth Magic
 - Level 7.0 Evocations


You had 10 spell levels left.
You knew the following spells:

 Your Spells              Type           Power        Failure   Level  Hunger
a - Sandblast             Erth           ####..       1%          1    None
b - Lee's Rapid Deconstr  Erth           ####......   12%         5    ######.


Dungeon Overview and Level Annotations

Branches:
Dungeon (9/15)             Temple (1/1) D:7            Lair (0/6) D:9
    Orc: D:9-12

Altars:
Ashenzari
Cheibriados
Dithmenos
Elyvilon
Fedhas
Gozag
Hepliaklqana
Kikubaaqudgha
Makhleb
Nemelex Xobeh
Okawaru
Qazlal
Ru
Sif Muna
Trog
Uskayaw
Vehumet
Wu Jian
Xom
Yredelemnul
Zin
The Shining One

Shops:
D:5 %   D:8 }*[?

Annotations:
D:5 4tharraofdagon's ghost, amateur CeAr
D:6 Grinder
D:7 daggaz's ghost, novice DsFi


Innate Abilities, Weirdness & Mutations

You have hooves in place of feet.
Armour fits poorly on your strangely shaped body.
You cover ground very quickly.
You have extremely tough skin. (AC +3)
Your life essence is reduced to manifest your ancestor. (-10% HP)


Message History

Press: ? - help, Shift-Dir - straight line, f/p - hell hound
Aim: a hell hound (almost dead, slow, catching its breath)
The blast of sand hits the hell hound.
The hell hound is almost dead.
v - 116 stones Kendra misses the hell hound.
The hell hound bites you!
* * * LOW HITPOINT WARNING * * *
Unknown command.
Casting: Sandblast
Confirm with . or Enter, or press ? or * to list all spells.
Aiming: Sandblast
Press: ? - help, Shift-Dir - straight line, f/p - hell hound
Aim: a hell hound (almost dead, slow, catching its breath)
The blast of sand hits the hell hound.
The hell hound is almost dead.
v - 115 stones Kendra closely misses the hell hound.
The hell hound breathes flames at you. The blast of flame hits you!
You die...

#.§§§≈§§≈§##........#
#.≈≈≈≈.§≈.##........#
#####.≈≈.>.≈≈.##........+
#o....≈≈..§§...+........#
.....###.≈≈≈≈≈≈...#........#
... #..≈.≈§....#........# .
#.........#####'#####
####h)##### #.### ##R@#
#...## #..## ###.)# #.##
###'### #.# #...... #.#
#......
########.############......
.
.............R......'......
.
#######.#############......
.. #.# #......


You could see the friendly Kendra the hexer and a hell hound.

Vanquished Creatures
  The ghost of Cheet4h the Slasher, a novice DrBe of Trog (D:6)
  A wraith (Ossuary)
  An orc warrior (D:9)
  An ice beast (D:7)
  A sky beast (D:8)
  2 phantoms
  4 bullfrogs
  A scorpion (D:5)
  2 electric eels (D:8)
  3 hounds
  A centaur skeleton (D:5)
  6 orc wizards
  2 orc priests
  An iguana (D:8)
  4 worker ants
  3 mummies (Ossuary)
  Robin (D:2)
  3 adders
  An ooze (D:4)
  An adder skeleton (D:9)
  2 worms
  A leopard gecko (D:8)
  22 orcs
  A bat (D:3)
  2 giant cockroaches
  12 goblins
  4 hobgoblins
  5 kobolds
  3 quokkas
  3 frilled lizards
  3 hobgoblin zombies (Ossuary)
  A jackal skeleton (D:4)
  2 kobold zombies (Ossuary)
  A quokka skeleton (D:5)
  3 rats
105 creatures vanquished.

Vanquished Creatures (collateral kills)
  A wyvern (D:9)
  2 ice beasts
  2 centaurs
  An ogre (D:9)
  A bullfrog (D:6)
  4 wights (D:9)
  A crimson imp (D:6)
  An orc priest (D:6)
  2 orc wizards
  Terence (D:2)
  A worker ant (D:8)
  A gnoll (D:6)
  3 adders
  13 orcs
  2 giant cockroaches
  A goblin (D:2)
  2 hobgoblins
  A hobgoblin zombie (Ossuary)
  A kobold zombie (Ossuary)
  A rat (D:2)
42 creatures vanquished.

Vanquished Creatures (others)
  2 orc warriors
  A worker ant (D:6)
  An ancestor (D:5)
  3 hexers
  A hobgoblin zombie (Ossuary)
8 creatures vanquished.

Grand Total: 155 creatures vanquished

Notes
Turn   | Place    | Note
-------+----------+-------------------------------------------
     0 | D:1      | 4tharraofdagon the Centaur Artificer began the quest for the Orb.
     0 | D:1      | Reached XP level 1. HP: 16/16 MP: 2/2
   202 | D:3      | Reached XP level 2. HP: 18/23 MP: 4/4
   293 | D:5      | Entered Level 5 of the Dungeon
   320 | D:6      | Noticed a crimson imp
   343 | D:6      | Noticed a bullfrog
   349 | D:6      | Killed a bullfrog
   349 | D:6      | Reached XP level 3. HP: 18/28 MP: 4/6
   349 | D:6      | Reached XP level 4. HP: 23/35 MP: 4/7
   381 | D:6      | Noticed an orc warrior
   395 | D:6      | Noticed Cheet4h's ghost (novice DrBe)
   400 | D:6      | Reached skill level 5 in Evocations
   413 | D:6      | Killed Cheet4h's ghost
   413 | D:6      | Reached XP level 5. HP: 20/40 MP: 7/10
   413 | D:6      | Reached XP level 6. HP: 24/47 MP: 7/11
   467 | D:6      | Noticed Grinder
   569 | D:7      | Learned a level 1 spell: Sandblast
   670 | D:7      | Found a staircase to the Ecumenical Temple.
   681 | Temple   | Entered the Ecumenical Temple
   761 | Temple   | Became a worshipper of Hepliaklqana the Forgotten
   821 | D:6      | Reached skill level 1 in Earth Magic
   847 | D:6      | Reached XP level 7. HP: 26/46 MP: 12/12
   898 | D:6      | Reached skill level 2 in Earth Magic
   952 | D:5      | Noticed 4tharraofdagon's ghost (amateur CeAr)
   961 | D:5      | Found Ajygumu's Food Boutique.
   995 | D:5      | Reached * piety under Hepliaklqana
  1255 | D:5      | Found a bloodstained altar of Trog.
  1273 | D:5      | Reached skill level 3 in Earth Magic
  1509 | D:5      | Reached skill level 4 in Earth Magic
  1600 | D:5      | Paralysed by an orc for 2 turns
  1796 | D:4      | Reached skill level 1 in Spellcasting
  1818 | D:2      | Noticed a hand axe
  1818 | D:2      | Noticed a dagger
  1822 | D:2      | Found a hide-covered altar of Uskayaw.
  1960 | D:2      | Noticed Robin
  1997 | D:2      | Killed Robin
  1997 | D:2      | Reached XP level 8. HP: 33/53 MP: 11/13
  2086 | D:2      | Learned a level 5 spell: Lee's Rapid Deconstruction
  2458 | D:2      | Noticed Terence
  2485 | D:2      | Killed Terence
  2485 | D:2      | Reached skill level 5 in Earth Magic
  2712 | D:3      | Reached ** piety under Hepliaklqana
  2742 | D:3      | Remembered your ancestor Kendra as a hexer
  2840 | D:3      | Found a shimmering altar of Xom.
  3163 | D:4      | Found a radiant altar of Vehumet.
  3318 | D:4      | Found a deep blue altar of Sif Muna.
  3318 | D:4      | Found an iron altar of Okawaru.
  3791 | D:7      | Noticed daggaz's ghost (novice DsFi)
  3817 | D:7      | Reached skill level 6 in Earth Magic
  3988 | D:8      | Reached *** piety under Hepliaklqana
  4042 | D:8      | Found Iwak's Gadget Emporium.
  4046 | D:8      | Found Egynu's Armour Shop.
  4222 | D:8      | Found Wett's General Store.
  4235 | D:8      | Bought a potion of degeneration for 12 gold pieces
  4243 | D:8      | Found Fycazoty's Magic Scroll Shop.
  4246 | D:8      | Bought a scroll of identify for 22 gold pieces
  4246 | D:8      | Bought a scroll of identify for 22 gold pieces
  4246 | D:8      | Bought a scroll of identify for 22 gold pieces
  4246 | D:8      | Bought a scroll of summoning for 104 gold pieces
  4359 | D:8      | Reached skill level 7 in Earth Magic
  4496 | D:8      | Found a sand-covered staircase.
  4502 | Ossuary  | Entered an ossuary
  4649 | Ossuary  | Reached XP level 9. HP: 43/57 MP: 3/14
  5025 | D:9      | Reached skill level 8 in Earth Magic
  5436 | D:9      | Found a staircase to the Lair.
  5460 | D:9      | Killed from afar by a hell hound

Vault maps used:
D:1:      co_arrival_square_in_a_square_in_a_square
D:2:      dancing_weapons_uskayaw, uniq_sigmund, uniq_robin, uniq_terence
D:3:      led_xom_imps, first_ration
D:4:      kennysheep_little_box, gammafunk_temple_overflow_wave
D:5:      lightli_temple_of_fire, serial_shops, nicolae_shop_waterfront,
          trog_hazing_becter
D:6:      uniq_grinder
D:7:      minmay_temple_entry_junction, grunt_livestock
D:8:      enter_ossuary_5, serial_shops, nicolae_shop_trees, shop, shop_statue,
          kennysheep_mini_moat, kennysheep_generic_room_2
D:9:      minmay_lair_entry_lava, uniq_maurice
Temple:   eino_temple_rhombus
Ossuary:  ossuary_kennysheep_city_of_the_dead

Skill      XL: |  1  2  3  4  5  6  7  8  9 |
---------------+----------------------------+-----
Evocations     | 3 4 6 7 |  7.0
Earth Magic    | 1 4 7 8 |  8.6
Spellcasting   | 1 3 4 |  4.1
Fighting       | |  1.0
Short Blades   | |  0.8
Dodging        | |  1.3
Stealth        | |  0.4

Action                   |  1- 3 |  4- 6 |  7- 9 || total
-------------------------+-------+-------+-------++-------
Melee: Short sword       |    23 |    23 |       ||    46
       Kick              |     7 |     2 |    95 ||   104
       Dagger            |       |       |   416 ||   416
       Whip              |       |       |    18 ||    18
 Cast: Sandblast         |       |       |    71 ||    71
Invok: Recall Ancestor   |       |     1 |    15 ||    16
       Ancestor Life: He |       |       |     1 ||     1
Evoke: Wand              |     7 |     5 |    16 ||    28
  Use: Scroll            |       |     8 |    11 ||    19
       Potion            |       |       |     1 ||     1
 Stab: Distracted        |     1 |       |     1 ||     2
       Paralysed         |       |       |    17 ||    17
       Confused          |       |       |     3 ||     3
  Eat: Chunk             |       |       |     9 ||     9
       Ration            |       |       |     1 ||     1
Armor: Leather armour    |     3 |       |       ||     3
       Ring mail         |     9 |    14 |   190 ||   213
Dodge: Dodged            |    14 |     7 |   176 ||   197

Table legend:
 A = Spawn XP
 B = Non-spawn XP
 C = Spawn XP percentage of total XP
 D = Spawn monster count
 E = Non-spawn monster count
 F = Spawn count percentage of total count
 G = Total turns spent on level
                    A         B        C        D         E        F      G
               +---------+---------+-------+---------+---------+-------+---------
         Total |       0 |    4100 |   0.0 |       0 |     147 |   0.0 |  5460
               +---------+---------+-------+---------+---------+-------+---------
           D:1 |       0 |       5 |   0.0 |       0 |       3 |   0.0 |   400
           D:2 |       0 |      95 |   0.0 |       0 |      21 |   0.0 |   505
           D:3 |       0 |      41 |   0.0 |       0 |      13 |   0.0 |   478
           D:4 |       0 |     339 |   0.0 |       0 |      23 |   0.0 |   710
           D:5 |       0 |     597 |   0.0 |       0 |      19 |   0.0 |   913
           D:6 |       0 |     648 |   0.0 |       0 |      11 |   0.0 |   494
           D:7 |       0 |     231 |   0.0 |       0 |       4 |   0.0 |   333
           D:8 |       0 |     758 |   0.0 |       0 |      18 |   0.0 |   632
           D:9 |       0 |    1127 |   0.0 |       0 |      24 |   0.0 |   534
       Ossuary |       0 |     259 |   0.0 |       0 |      11 |   0.0 |   374
               +---------+---------+-------+---------+---------+-------+---------

Vault maps used:
D:1:      co_arrival_square_in_a_square_in_a_square
D:2:      dancing_weapons_uskayaw, uniq_sigmund, uniq_robin, uniq_terence
D:3:      led_xom_imps, first_ration
D:4:      kennysheep_little_box, gammafunk_temple_overflow_wave
D:5:      lightli_temple_of_fire, serial_shops, nicolae_shop_waterfront,
          trog_hazing_becter
D:6:      uniq_grinder
D:7:      minmay_temple_entry_junction, grunt_livestock
D:8:      enter_ossuary_5, serial_shops, nicolae_shop_trees, shop, shop_statue,
          kennysheep_mini_moat, kennysheep_generic_room_2
D:9:      minmay_lair_entry_lava, uniq_maurice
Temple:   eino_temple_rhombus
Ossuary:  ossuary_kennysheep_city_of_the_dead
